 Dungeon Crawl Stone Soup version 0.30.1-9-gdf580d7c3d (webtiles) character file.

Game seed: 13749815344260965244

32470 tizbic2 the Fighter (level 13, -7/122 (123) HPs)
             Began as an Ogre Summoner on Sept 28, 2023.
             Was a High Priest of Hepliaklqana.
             Mangled by a sixfirhy (12 damage)
             ... summoned by an orc high priest
             ... on level 2 of the Orcish Mines.
             The game lasted 01:29:03 (16298 turns).

tizbic2 the Fighter (Ogre Summoner)                Turns: 16298, Time: 01:29:04

HP:   -7/122 (123)  AC: 14    Str: 23    XL:     13   Next: 64%
MP:   18/27         EV: 12    Int: 20    God:    Hepliaklqana [*****.]
Gold: 1921          SH: 17    Dex: 13    Spells: 17/33 levels left

rFire   . . .        w - +6 war axe of Ytigheby {drain, Int+2 Dex+4}
rCold   . . .        K - +2 tower shield
rNeg    . . .        Y - quicksilver dragon scales
rPois   .            L - +0 hat
rElec   .            P - +0 cloak
rCorr   .            (gloves unavailable)
SInv    .            (boots unavailable)
Will    ++...        (no amulet)
Stlth   +            f - +5 ring of evasion
HPRegen 0.40/turn    U - +6 ring of strength
MPRegen 0.20/turn

%: no passive effects
@: lightly drained
A: reduced essence, large, unfitting armour, tough skin 1, mutation resistance 1
a: Renounce Religion, Recall Ancestor, Ancestor Identity, Transference, Idealise


You were on level 2 of the Orcish Mines.
You worshipped Hepliaklqana.
Hepliaklqana was extremely pleased with you.
You visited 4 branches of the dungeon, and saw 17 of its levels.
You also visited: Ossuary and Bailey.

You collected 1921 gold pieces.

Inventory:

Hand Weapons
 a - the +4 mace "Zijautudd" {holy, rCorr}
   (You took it off a hobgoblin on level 2 of the Dungeon)

   rCorr:     It protects you from acid and corrosion.
 q - the +4 spear "tizbic2's Foe" {protect, rPois rF+++ rC- Str-4}
   (You took it off a kobold on level 3 of the Dungeon)

   Str:       It affects your strength (-4).
   rF:        It renders you almost immune to fire.
   rC:        It makes you vulnerable to cold.
   rPois:     It protects you from poison.
 w - the +6 war axe of Ytigheby (weapon) {drain, Int+2 Dex+4}
   (You found it on level 5 of the Dungeon)

   Int:       It affects your intelligence (+2).
   Dex:       It affects your dexterity (+4).
 Q - a +4 war axe of flaming
Missiles
 s - 18 boomerangs
 y - 6 boomerangs of dispersal
Armour
 K - a +2 tower shield (worn)
 L - a +0 hat (worn)
 P - a +0 cloak (worn)
 T - +0 acid dragon scales
 Y - quicksilver dragon scales (worn)
Magical Staves
 e - the staff of cold "Werr" {rC+ Will+ Int+4}
   (You found it in a bailey)

   [staff of cold]

   Base accuracy: +5 Base damage: 5 Base attack delay: 1.2 This weapon's minimum
   attack delay (0.6) is reached at skill level 12.
   Int:       It affects your intelligence (+4).
   rC:        It protects you from cold.
   Will:      It increases your willpower.
   It falls into the 'Staves' category.
   It is a one-handed weapon.
Jewellery
 f - a +5 ring of evasion (left hand)
 h - a ring of protection from cold
 u - a ring of protection from fire
 J - an amulet of faith
 N - a +6 ring of dexterity
 U - a +6 ring of strength (right hand)
 V - a ring of wizardry
 Z - a ring of see invisible
Wands
 j - a wand of flame (49)
 p - a wand of paralysis (6)
 v - a wand of digging (8)
 B - a wand of roots (23)
 M - a wand of polymorph (10)
 W - a wand of mindburst (5)
Scrolls
 g - 2 scrolls of poison
 k - a scroll of fog
 m - 2 scrolls of vulnerability
 n - a scroll of identify
 o - 2 scrolls of enchant weapon
 t - 4 scrolls of magic mapping
 x - 2 scrolls of immolation
 D - a scroll of amnesia
 E - 2 scrolls of fear
 X - 5 scrolls of teleportation
Potions
 b - a potion of magic
 c - 6 potions of curing
 d - a potion of heal wounds
 i - 5 potions of attraction
 r - a potion of cancellation
 z - a potion of mutation
 A - a potion of invisibility
 C - 8 potions of flight
 F - 2 potions of lignification
 G - 6 potions of brilliance
 H - 3 potions of resistance
 I - 3 potions of might
 O - a potion of berserk rage
Miscellaneous
 R - a box of beasts
 S - a condenser vane


   Skills:
 + Level 11.0 Fighting
 - Level 5.0(5.6) Axes
 - Level 3.1(4.3) Maces & Flails
 * Level 7.4 Armour
 - Level 1.7 Dodging
 - Level 1.4 Stealth
 + Level 8.5 Shields
 + Level 10.8 Spellcasting
 - Level 2.7 Conjurations
 * Level 9.9 Summonings
 - Level 2.7 Ice Magic
 - Level 7.1 Air Magic


You had 17 spell levels left.
You knew the following spells:

 Your Spells              Type           Power      Damage    Failure   Level
a - Freezing Cloud        Conj/Ice/Air   13%        6-21      88%         5
b - Call Canine Familiar  Summ           50%        N/A       1%          3
c - Summon Lightning Spi  Summ/Air       45%        N/A       12%         4
d - Summon Ice Beast      Ice/Summ       36%        N/A       28%         4

Your spell library contained the following spells:

 Spells                   Type           Power      Damage    Failure   Level
 Summon Small Mammal      Summ           100%       N/A       1%          1
 Call Imp                 Summ           100%       N/A       1%          2
 Summon Guardian Golem    Hex/Summ       30%        N/A       16%         3
 Cigotuvi's Dreadful Rot  Necr/Pois/Air  40%        N/A       22%         2
 Necrotise                Necr           40%        1d6       36%         1
 Ignite Poison            Fire/Tmut/Pois 10%        N/A       75%         3
 Tukima's Dance           Hex            10%        N/A       75%         3
 Vampiric Draining        Necr           10%        2d6       75%         3
 Summon Mana Viper        Hex/Summ       30%        N/A       80%         5
 Flame Wave               Conj/Fire      16%        2d7       92%         4
 Silence                  Hex/Air        12%        N/A       94%         5
 Anguish                  Hex/Necr       5%         N/A       98%         4
 Cause Fear               Hex            5%         N/A       98%         4
 Passage of Golubria      Tloc           10%        N/A       98%         4
 Monstrous Menagerie      Summ           25%        N/A       99%         7
 Agony                    Necr           10%        N/A       100%        5
 Plasma Beam              Fire/Air       12%        2x1d26    100%        6
 Starburst                Conj/Fire      8%         6d4       100%        6
 Enfeeble                 Hex            5%         N/A       100%        7
 Lehudib's Crystal Spear  Conj/Erth      8%         10d3      100%        8


Dungeon Overview and Level Annotations

Branches:
Dungeon (11/15)            Temple (1/1) D:4            Lair (3/5) D:11
 Shoals (0/4) Lair:2        Snake (0/4) Lair:2          Orc (2/2) D:11
Ossuary (visited)          Bailey (visited)
    Elf: Orc:2

Altars:
Ashenzari
Cheibriados
Dithmenos
Elyvilon
Fedhas
Gozag
Hepliaklqana
Kikubaaqudgha
Makhleb
Nemelex Xobeh
Okawaru
Qazlal
Ru
Sif Muna
Trog
Uskayaw
Vehumet
Wu Jian
Xom
Yredelemnul
Zin
The Shining One

Annotations:
Orc:1 2 transporters, lonewolfV2's ghost, journeyman FoFi


Innate Abilities, Weirdness & Mutations

Your life essence is reduced to manifest your ancestor. (-10% HP)
You are too large for most types of armour.
You have tough skin. (AC +1)
You are somewhat resistant to further mutation.


Message History

The orc knight roars a battlecry!
The orc knight goes into a battle-frenzy!
The orc knight roars a battlecry!
The orc knight goes into a battle-frenzy!
The sixfirhy hits you.
* * * LOW HITPOINT WARNING * * *
The sixfirhy shocks you!
* * * LOW HITPOINT WARNING * * *
You miss the sixfirhy.
The sixfirhy is heavily wounded.
You block the sixfirhy's attack. x2; The sixfirhy barely misses you.
You block the sixfirhy's attack.
The sixfirhy hits you but does no damage.
The orc sorcerer casts a spell at you.
Marduk-asir resists with some effort.
You hit the sixfirhy.
The sixfirhy is heavily wounded.
You slash the orc warrior! You drain the orc warrior.
You block the orc warrior's attack.
Marduk-asir hits the orc sorcerer with a +0 flail!
The orc warrior hits your lightning spire with a +0 short sword!
You block the red devil's attack.
You miss the sixfirhy.
The sixfirhy is heavily wounded.
You hit the orc warrior but do no damage.
You block the sixfirhy's attack.
Marduk-asir barely misses the orc sorcerer.
The sixfirhy barely misses you.
The orc warrior hits your lightning spire but does no damage.
You block the red devil's attack. The sixfirhy barely misses you.
You barely miss the sixfirhy.
The sixfirhy is moderately wounded.
You hit the orc warrior but do no damage.
You drain the orc warrior.
The orc wizard no longer looks unusually strong.
The orc knight seems less drained.
You block the sixfirhy's attack. The sixfirhy barely misses you.
The sixfirhy hits you!
* * * LOW HITPOINT WARNING * * *
The sixfirhy shocks you!
You die...

#.R.## ##.....#..............
#...)### ......................
##.oo..#####................
##......o....##.................
##...o)o...##..................
###.......###.................
##..ooR.o#..)....#..........
###...4o4o8................
##..#)#3@...............<
######..................
##.................
##.##.............
##.#####.......... #...#
#..........)
####...###...........
##.......#............
#.....................


You could see the friendly Marduk-asir the knight, an orc knight (strong), an
orc high priest (strong), a hellwing (summoned), a sixfirhy (summoned), 2 orc
sorcerers, a red devil (summoned), 2 orc warriors, an orc wizard and a friendly
lightning spire (summoned).

Vanquished Creatures
  A hydra (Lair:3)
  A boulder beetle (D:11)
  Amaemon (Lair:3)
  The ghost of gummiwulf the Trooper, a novice DsBe of Trog (D:8)
  4 orc knights
  A cyclops (Orc:2)
  A guardian serpent (Lair:2)
  A black mamba (Lair:3)
  5 cane toads
  5 komodo dragons
  An unseen horror (D:11)
  3 trolls
  A hornet (D:9)
  A blink frog (Lair:3)
  2 polar bears (Lair:3)
  17 yaks
  A shadow (D:11)
  2 wyverns
  2 steam dragons
  4 nameless horrors
  A warg (Orc:2)
  An acid dragon (D:11)
  4 water moccasins
  13 orc warriors
  A black bear (Lair:2)
  5 ogres
  2 wolves (Lair:3)
  A centaur (Lair:2)
  3 kobold brigands
  5 bullfrogs
  8 scorpions
  5 wights
  6 killer bees (D:10)
  An electric eel (D:10)
  2 human zombies (Ossuary)
  8 orc priests
  Crazy Yiuf (D:3)
  A gnoll bouda (D:6)
  3 hounds
  A sleepcap (D:7)
  2 iguanas (D:4)
  6 orc wizards
  Ijyb (D:5)
  A scorpion zombie (Ossuary)
  3 ogre zombies (D:11)
  A hound zombie (D:3)
  A mummy (Ossuary)
  6 gnolls
  3 adders
  A white imp (D:5)
  2 ufetubi
  An adder zombie (D:3)
  A worm (D:10)
  The ghost of Ychaviel the Trooper, a weakling MiDe (D:3)
  2 dart slugs
  27 orcs
  4 ball pythons
  3 bats
  4 endoplasms
  2 giant cockroaches
  9 goblins
  3 hobgoblins
  7 quokkas
  A frilled lizard (D:1)
  4 goblin zombies
  11 kobolds
  A kobold zombie (Ossuary)
  17 orc zombies
  4 rats
256 creatures vanquished.

Vanquished Creatures (collateral kills)
  Gastronok (D:8)
  A boulder beetle (D:8)
  A two-headed ogre (D:9)
  Urug (Lair:2)
  An orc sorcerer (Orc:2)
  2 black mambas (Lair:2)
  Maurice (Orc:2)
  An orange demon (Lair:3)
  A torpor snail (Lair:2)
  3 cane toads
  A rime drake (Lair:1)
  A kobold demonologist (D:11)
  2 trolls
  A queen bee (D:10)
  A polar bear (Lair:3)
  2 nameless horrors
  3 blink frogs (Lair:3)
  A wyvern (Lair:3)
  2 shadows (D:11)
  A wraith (D:10)
  11 yaks
  An acid dragon (D:11)
  A water moccasin (D:5)
  10 orc warriors
  An ice beast (D:7)
  5 black bears
  10 ogres
  3 wolves (Lair:3)
  3 centaurs
  6 bullfrogs
  6 wights
  4 scorpions
  6 killer bees (D:10)
  2 howler monkeys (D:5)
  A hound (D:5)
  5 orc priests
  A gnoll bouda (D:7)
  3 human zombies (Ossuary)
  An iguana (D:6)
  2 scorpion zombies (Ossuary)
  8 orc wizards
  3 ogre zombies (D:11)
  2 mummies (Ossuary)
  7 gnolls
  A white imp (D:7)
  2 ufetubi
  3 worms (D:10)
  3 dart slugs
  29 orcs
  5 endoplasms
  A giant cockroach (D:2)
  10 goblins
  4 hobgoblins
  2 ball pythons
  2 bats (D:1)
  3 frilled lizards (D:1)
  A goblin skeleton (D:11)
  2 hobgoblin zombies (Ossuary)
  12 kobolds
  A kobold zombie (Ossuary)
  2 orc zombies
  A rat (D:1)
214 creatures vanquished.

Vanquished Creatures (others)
  7 knights
  An orc wizard (Orc:2)
  A gnoll (D:6)
  2 ancestors
  An orc (Orc:2)
  A hobgoblin (D:1)
13 creatures vanquished.

Grand Total: 483 creatures vanquished

Notes
Turn   | Place    | Note
-------+----------+-------------------------------------------
     0 | D:1      | tizbic2 the Ogre Summoner began the quest for the Orb.
     0 | D:1      | Reached XP level 1. HP: 16/16 MP: 3/3
   136 | D:1      | Reached XP level 2. HP: 25/26 MP: 3/5
   311 | D:1      | Reached skill level 1 in Fighting
   354 | D:1      | Reached skill level 1 in Air Magic
   412 | D:1      | Reached XP level 3. HP: 31/33 MP: 2/7
   585 | D:2      | Found a shimmering blue altar of Sif Muna.
  1165 | D:2      | Identified the +4 mace "Zijautudd" {holy, rCorr}
  1204 | D:2      | Learned a level 3 spell: Call Canine Familiar
  1411 | D:3      | Found a runed translucent gate.
  1411 | D:3      | Found a runed translucent gate.
  1411 | D:3      | Found a runed translucent gate.
  1411 | D:3      | Noticed Ychaviel's ghost (weakling MiDe)
  1413 | D:3      | Found a basalt altar of Yredelemnul.
  1430 | D:3      | Reached XP level 4. HP: 40/42 MP: 6/8
  1443 | D:3      | Killed Ychaviel's ghost
  1705 | D:3      | Identified the +4 spear "tizbic2's Foe" {protect, rPois
                  | rF+++ rC- Str-4}
  2023 | D:3      | Reached skill level 2 in Fighting
  2039 | D:3      | Reached XP level 5. HP: 40/49 MP: 3/10
  2672 | D:3      | Found a runed translucent door.
  2673 | D:3      | Noticed Crazy Yiuf
  2704 | D:3      | Killed Crazy Yiuf
  2859 | D:4      | Found a staircase to the Ecumenical Temple.
  2889 | D:4      | Reached skill level 1 in Maces & Flails
  2957 | D:4      | Learned a level 4 spell: Summon Lightning Spire
  3083 | D:4      | Reached XP level 6. HP: 57/59 MP: 10/12
  3102 | D:4      | Reached skill level 3 in Fighting
  3141 | D:4      | Reached XP level 7. HP: 61/67 MP: 8/14
  3153 | D:4      | Found a sand-covered staircase.
  3161 | Ossuary  | Entered an ossuary
  3183 | Ossuary  | Reached skill level 5 in Spellcasting
  3339 | Ossuary  | Reached skill level 4 in Fighting
  3441 | Ossuary  | Reached XP level 8. HP: 63/78 MP: 11/16
  3687 | Ossuary  | Reached skill level 5 in Summonings
  3965 | Temple   | Entered the Ecumenical Temple
  3995 | Temple   | Became a worshipper of Hepliaklqana the Forgotten
  4146 | D:5      | Entered Level 5 of the Dungeon
  4217 | D:5      | Reached skill level 5 in Fighting
  4217 | D:5      | Reached skill level 1 in Shields
  4287 | D:5      | Reached * piety under Hepliaklqana
  4314 | D:5      | Found a blossoming altar of Fedhas.
  4441 | D:5      | Identified the +6 war axe of Ytigheby {drain, Int+2 Dex+4}
  4557 | D:5      | Reached skill level 5 in Air Magic
  4637 | D:5      | Reached XP level 9. HP: 78/79 MP: 15/19
  4642 | D:5      | Reached skill level 1 in Axes
  4665 | D:5      | Noticed Ijyb
  4672 | D:5      | Found a bloodstained altar of Trog.
  4702 | D:5      | Killed Ijyb
  5045 | D:6      | Reached skill level 6 in Fighting
  5130 | D:6      | Reached ** piety under Hepliaklqana
  5131 | D:6      | Remembered your ancestor Marduk-asir as a knight
  6358 | D:7      | Reached *** piety under Hepliaklqana
  6366 | D:7      | Reached XP level 10. HP: 83/90 MP: 21/21
  6400 | D:7      | Found a shadowy altar of Dithmenos.
  6532 | D:7      | Reached skill level 5 in Shields
  6744 | D:7      | Reached skill level 7 in Fighting
  6992 | D:8      | Found a flagged portal.
  7050 | Bailey   | Entered a bailey
  7056 | Bailey   | Noticed an orc knight
  7200 | Bailey   | Identified the staff of cold "Werr" {rC+ Will+ Int+4}
  7217 | Bailey   | Learned a level 5 spell: Freezing Cloud
  7274 | Bailey   | Killed an orc knight
  7665 | D:8      | Noticed Gastronok
  7676 | D:8      | Noticed a nameless horror
  7947 | D:8      | Reached **** piety under Hepliaklqana
  7982 | D:8      | Killed a nameless horror
  8006 | D:8      | Found a runed translucent gate.
  8007 | D:8      | Found a runed translucent gate.
  8008 | D:8      | Found a runed translucent gate.
  8009 | D:8      | Found an opulent altar of Gozag.
  8010 | D:8      | Noticed gummiwulf's ghost (novice DsBe)
  8010 | D:8      | Noticed a boulder beetle
  8080 | D:8      | Found a white marble altar of Elyvilon.
  8204 | D:8      | Killed Gastronok
  8205 | D:8      | Reached skill level 1 in Armour
  8205 | D:8      | Reached skill level 1 in Conjurations
  8205 | D:8      | Reached skill level 1 in Ice Magic
  8279 | D:9      | Reached XP level 11. HP: 75/99 MP: 21/23
  8281 | D:9      | Reached skill level 8 in Fighting
  8665 | D:9      | Noticed a two-headed ogre
  8674 | D:9      | Killed a two-headed ogre
  9152 | D:10     | Entered Level 10 of the Dungeon
  9152 | D:10     | Found an ancient bone altar of Kikubaaqudgha.
  9861 | D:10     | Identified the +5 scale mail of the Distant Future {rF+
                  | SInv}
 10085 | D:10     | Reached skill level 5 in Axes
 10290 | D:11     | Reached ***** piety under Hepliaklqana
 10406 | D:11     | Noticed a sun demon
 10559 | D:11     | Found a staircase to the Orcish Mines.
 10582 | D:11     | Noticed a boulder beetle
 10627 | D:11     | Killed a boulder beetle
 10628 | D:11     | Reached skill level 9 in Fighting
 10628 | D:11     | Reached XP level 12. HP: 56/110 MP: 11/25
 10814 | D:11     | Found a staircase to the Lair.
 11279 | Lair:1   | Entered Level 1 of the Lair of Beasts
 11546 | Lair:1   | Gained mutation: You have an increased reservoir of magic.
                  | (+10% MP) [potion of mutation]
 11546 | Lair:1   | Gained mutation: You are agile. (Dex +4, Str/Int -1)
                  | [potion of mutation]
 11547 | Lair:1   | Lost mutation: You are agile. (Dex +4, Str/Int -1) [potion
                  | of mutation]
 11547 | Lair:1   | Lost mutation: You have an increased reservoir of magic.
                  | (+10% MP) [potion of mutation]
 11547 | Lair:1   | Gained mutation: You are somewhat resistant to further
                  | mutation. [potion of mutation]
 11594 | Lair:1   | Reached skill level 5 in Armour
 12190 | Lair:2   | Found a staircase to the Snake Pit.
 12393 | Lair:2   | Found a staircase to the Shoals.
 12412 | Lair:2   | Noticed Urug
 12429 | Lair:2   | Killed Urug
 12510 | Lair:2   | Reached skill level 10 in Spellcasting
 12723 | Lair:2   | Reached skill level 10 in Fighting
 12804 | Lair:2   | Reached ****** piety under Hepliaklqana
 13012 | Lair:2   | Got the Catalogue of the Evil Eye and Embers
 13220 | Lair:2   | Learned a level 4 spell: Summon Ice Beast
 13270 | Lair:3   | Noticed Amaemon
 13289 | Lair:3   | Killed Amaemon
 13703 | Lair:3   | Reached XP level 13. HP: 119/119 MP: 27/27
 14823 | D:8      | Killed gummiwulf's ghost
 14924 | Orc:1    | Entered Level 1 of the Orcish Mines
 14931 | Orc:1    | Noticed lonewolfV2's ghost (journeyman FoFi)
 15304 | Orc:1    | Found a transporter.
 15312 | Orc:1    | Found a transporter.
 15366 | Orc:1    | Found a burning altar of Makhleb.
 15408 | Orc:2    | Entered Level 2 of the Orcish Mines
 15408 | Orc:2    | Noticed Maurice
 15492 | Orc:2    | Killed Maurice
 15880 | Orc:2    | Reached skill level 11 in Fighting
 16298 | Orc:2    | HP: 5/122 [sixfirhy[an orc high priest] (11)]
 16298 | Orc:2    | Mangled by a sixfirhy

Illustrated notes

Levels and vault maps discovered:
D:1:      wander_arrival_fairy_ring, layout_rooms
D:2:      layout_basic, basic_altar, hangedman_decor_clover_reticule
D:3:      layout_basic, nicolae_yredelemnul_ghost_church, supply_closet_lemuel,
          uniq_crazy_yiuf_cottage
D:4:      minmay_diamond_boxcup, layout_cave_pools, temple_pool_b,
          chequers_ossuary_entry_cave
D:5:      black_bear_nest_2, layout_basic, trog_ov_bears_minmay,
          kennysheep_little_box, uniq_ijyb
D:6:      layout_layer_cave, st_stairs_2, moated_statue, minmay_ogre_servants
D:7:      layout_basic, nicolae_dithmenos_through_a_glass_darkly
D:8:      layout_rooms, elyvilon_altar_1, enter_bailey_2, ebering_ghost_gozag,
          uniq_gastronok
D:9:      layout_basic, chequers_serial_rivers_room_b
D:10:     layout_loops_ring, lemuel_crystal_altar, hive_lemuel
D:11:     layout_irregular_city, lair_entry_dummy, zombieorc1_lemuel
Temple:   lightli_temple_of_artemis
Lair:1:   layout_misc_corridors, serial_bayou_shore_a
Lair:2:   layout_cave_pods, minmay_shoals_entry_centaurs,
          minmay_snake_entry_spellcaster, lemuel_old_faithful,
          serial_bayou_shore_b, uniq_urug
Lair:3:   layout_chaotic_city, gammafunk_lair_bear_cave, grunt_megastairs_1,
          uniq_amaemon
Orc:1:    nicolae_orc_accident_3, layout_diamond_mine, gammafunk_ghost_arena,
          basic_altar, bloody_makhleb
Orc:2:    grunt_orc_tribal_feast, layout_caves, uniq_maurice

Skill      XL: |  1  2  3  4  5  6  7  8  9 10 11 12 13 |
---------------+----------------------------------------+-----
Fighting       | 1 2 3 4 5 6 7 9 10 11 | 11.0
Air Magic      | 1 2 3 4 5 6 7 |  7.1
Spellcasting   | 3 4 5 7 8 9 10 | 10.8
Summonings     | 4 5 6 7 8 9 |  9.9
Maces & Flails | 1 2 3 |  3.1
Shields        | 2 4 5 6 7 8 |  8.5
Axes           | 2 4 5 |  5.0
Armour         | 2 4 6 7 |  7.4
Conjurations   | 1 2 |  2.7
Ice Magic      | 1 2 |  2.7
Dodging        | |  1.7
Stealth        | |  1.4

Action                     |  1- 3 |  4- 6 |  7- 9 | 10-12 | 13-15 || total
---------------------------+-------+-------+-------+-------+-------++-------
  Melee: Unarmed           |    10 |       |       |       |       ||    10
         Club              |    73 |       |       |       |       ||    73
         Short sword       |     5 |       |       |       |       ||     5
         Mace              |     2 |    50 |     6 |    23 |       ||    81
         Spear             |       |     3 |       |    30 |     5 ||    38
         Quarterstaff      |       |    46 |    72 |       |       ||   118
         War axe           |       |       |    49 |   307 |   153 ||   509
         Punch             |       |       |       |     1 |       ||     1
   Cast: Summon Small Mamm |    40 |     9 |       |       |       ||    49
         Call Canine Famil |     1 |    15 |     8 |    12 |     5 ||    41
         Summon Lightning  |       |       |    19 |    32 |    15 ||    66
         Summon Ice Beast  |       |       |       |       |     2 ||     2
 Invoke: Ancestor Life: Kn |       |       |     1 |       |       ||     1
         Recall Ancestor   |       |       |       |     1 |       ||     1
  Evoke: Wand              |       |       |       |     1 |       ||     1
    Use: Scroll            |     4 |     2 |     7 |    15 |     2 ||    30
         Potion            |     1 |       |       |     2 |     8 ||    11
   Stab: Sleeping          |     2 |     3 |       |     5 |       ||    10
         Paralysed         |       |     3 |       |       |       ||     3
         Distracted        |       |       |     2 |     7 |       ||     9
 Armour: Robe              |    26 |    25 |    30 |    30 |       ||   111
         Steam dragon scal |       |       |       |    13 |       ||    13
         Acid dragon scale |       |       |       |    31 |     9 ||    40
         Troll leather arm |       |       |       |     4 |       ||     4
         Quicksilver drago |       |       |       |       |    30 ||    30
         Skin              |       |       |       |       |    17 ||    17
  Dodge: Dodged            |    93 |    76 |   107 |   167 |    68 ||   511
  Block: Tower shield      |       |       |       |   338 |   217 ||   555
